AoeStats
← KEIYILOK

Arena

510101212Analyzed
4v4 RM · 4d ago on Sep 29, 2026· 42m 56s· 8 players
Game mode
Random Map
Map size
Large (8 player)
Population
200
Speed
Normal
Resources
Standard
Victory
Conquest
Starting age
Dark Age
Ending age
Imperial Age
RankedLock teamsTeams togetherTeam positionsShared explorationLock speedFull tech treeHidden civsTurbo modeCheats
Victory
Defeat
🇨🇳 Turks · China
1152
+14
🇨🇳 Mongols · China
1103
+16
🇭🇰 Varangians · Hong Kong SAR China
1096
+16
🇧🇷 Huns · Brazil
1091
+17
🇧🇷 Inca · Brazil
1130
-17
🇲🇽 Byzantines · Mexico
1126
-16
🇦🇷 Huns · Argentina
1090
-15
🇦🇷 Poles · Argentina
1085
-15
Brandt9700
10:24 Feudal Age
11:57 Wheelbarrow
14:23 Castle Age
13:05 Double-Bit Axe
13:04 Horse Collar
17:14 Bow Saw
17:05 Heavy Plow
17:54 Heavy Plow
20:55 Loom
24:03 Hand Cart
24:20 Fletching
24:37 Treadmill Crane
24:56 Gold Mining
24:49 Elite Skirmisher
25:08 Pikeman
29:01 Imperial Age
26:55 Pikeman
27:35 Squires
27:21 Arson
28:52 Gold Shaft Mining
29:28 Ballistics
29:29 Bodkin Arrow
29:35 Padded Archer Armor
31:24 Crop Rotation
31:17 Conscription
32:10 Chemistry
31:54 Stone Mining
33:12 Leather Archer Armor
32:57 Bracer
34:46 Stone Shaft Mining
34:44 Crossbowman
35:27 Scale Mail Armor
35:37 Forging
35:58 Ring Archer Armor
36:11 Capped Ram
38:31 Thumb Ring
39:04 Iron Casting
38:44 Chain Mail Armor
37:50 Halberdier
RaulelPiadoso
6:43 Loom
9:58 Feudal Age
10:32 Double-Bit Axe
12:29 Loom
14:15 Horse Collar
17:36 Castle Age
20:49 Heavy Plow
22:32 Bow Saw
23:47 Gold Mining
25:46 Fletching
27:21 Wheelbarrow
29:42 Imperial Age
27:40 Ballistics
27:42 Fortified Wall
27:34 Pikeman
30:08 Hand Cart
30:02 Padded Archer Armor
29:58 Bodkin Arrow
29:28 Elite Skirmisher
32:13 Chemistry
32:41 Conscription
34:00 Leather Archer Armor
33:46 Bracer
36:11 Ring Archer Armor
39:26 Forging
39:22 Scale Barding Armor
40:44 Iron Casting
BITCOIN_
9:37 Feudal Age
10:21 Horse Collar
12:26 Double-Bit Axe
13:02 Gold Mining
15:29 Loom
17:55 Castle Age
18:31 Wheelbarrow
19:27 Heavy Plow
20:26 Gold Shaft Mining
20:35 Hand Cart
22:39 Bloodlines
22:51 Stone Mining
24:28 Scale Barding Armor
29:20 Imperial Age
26:19 Elite Skirmisher
27:12 Padded Archer Armor
27:03 Fletching
27:49 Husbandry
28:13 Forging
30:32 Scale Barding Armor
33:06 Cavalier
JuaNCaBj
9:33 Loom
11:45 Feudal Age
16:08 Castle Age
14:14 Double-Bit Axe
14:11 Horse Collar
17:02 Bow Saw
16:54 Heavy Plow
23:54 Imperial Age
23:20 Szlachta Privileges
24:11 Cavalier
25:46 Bloodlines
28:34 Wheelbarrow
29:13 Husbandry
30:32 Conscription
31:12 Forging
32:13 Scale Barding Armor
33:11 Iron Casting
33:19 Hand Cart
35:55 Blast Furnace
35:16 Thumb Ring
35:54 Padded Archer Armor
36:09 Elite Skirmisher
39:13 Leather Archer Armor
40:01 Chemistry
38:56 Gold Mining
40:25 Chain Barding Armor
40:42 Fletching
42:07 Bodkin Arrow
tony.li
10:17 Feudal Age
14:24 Castle Age
12:15 Horse Collar
15:53 Double-Bit Axe
20:04 Wheelbarrow
20:45 Heavy Plow
20:49 Gold Mining
21:59 Bow Saw
27:02 Imperial Age
24:29 Fletching
25:15 Bloodlines
25:06 Husbandry
25:33 Padded Archer Armor
25:28 Bodkin Arrow
26:16 Ballistics
26:41 Gold Shaft Mining
28:19 Hand Cart
28:32 Parthian Tactics
28:35 Bracer
28:50 Leather Archer Armor
29:51 Chemistry
28:58 Thumb Ring
29:35 Heavy Cavalry Archer
31:33 Two-Man Saw
33:48 Loom
35:56 Stone Mining
35:34 Light Cavalry
39:35 Hussar
40:30 Forging
40:26 Scale Barding Armor
KEIYILOK
10:20 Feudal Age
14:23 Castle Age
12:28 Double-Bit Axe
13:15 Horse Collar
17:05 Bow Saw
21:31 Gold Mining
25:03 Scale Mail Armor
26:07 Stone Mining
28:13 Heavy Plow
31:07 Fletching
34:48 Imperial Age
34:27 Wheelbarrow
34:32 Chain Mail Armor
34:30 Forging
34:29 Squires
34:16 Gambesons
35:11 Elite Varangian Guard
36:49 Plate Mail Armor
38:16 Iron Casting
40:13 Blast Furnace
39:17 Arson
40:33 Hand Cart
40:06 Loom
40:50 Bodkin Arrow
41:59 Chemistry
41:59 Conscription
42:11 Gothikon
43:50 Crop Rotation
43:56 Stone Shaft Mining
43:35 Masonry
44:28 Two-Man Saw
43:30 Bracer
西湖歌舞几时休
11:44 Feudal Age
15:23 Castle Age
13:54 Double-Bit Axe
13:57 Horse Collar
15:27 Loom
15:49 Gold Mining
17:51 Heavy Plow
21:48 Wheelbarrow
24:05 Stone Mining
24:53 Gold Shaft Mining
28:44 Imperial Age
26:33 Squires
27:35 Padded Archer Armor
28:22 Ballistics
28:31 Leather Archer Armor
30:13 Bombard Tower
30:30 Ring Archer Armor
30:37 Hand Cart
31:00 Heavy Cavalry Archer
32:21 Parthian Tactics
32:16 Fletching
33:04 Bodkin Arrow
33:35 Sipahi
33:17 Artillery
33:40 Bow Saw
36:24 Husbandry
37:04 Treadmill Crane
37:19 Murder Holes
38:15 Bloodlines
38:22 Bracer
38:28 Scale Barding Armor
38:17 Town Watch
38:48 Thumb Ring
40:20 Arson
41:49 Conscription
41:54 Chain Barding Armor
41:49 Forging
43:06 Fortified Wall
43:07 Masonry
42:49 Heated Shot
44:16 Two-Man Saw
_xy_2252
10:05 Feudal Age
11:27 Wheelbarrow
14:15 Castle Age
12:19 Double-Bit Axe
12:53 Horse Collar
15:53 Bow Saw
16:00 Loom
16:47 Stone Mining
22:34 Gold Mining
26:34 Hand Cart
30:16 Imperial Age
28:24 Gold Shaft Mining
27:55 Town Watch
28:25 Padded Archer Armor
28:16 Fletching
29:25 Stone Shaft Mining
29:36 Leather Archer Armor
29:44 Bodkin Arrow
30:50 Thumb Ring
30:17 Elite Mangudai
31:19 Conscription
32:05 Chemistry
32:01 Bracer
32:28 Parthian Tactics
31:32 Onager
32:45 Onager
34:38 Siege Onager
37:29 Scale Barding Armor
37:35 Forging
38:17 Ballistics
38:03 Siege Engineers
39:05 Chain Barding Armor
39:58 Iron Casting
39:57 Fortified Wall
39:34 Light Cavalry
40:24 Bloodlines
40:15 Husbandry
40:45 Capped Ram
43:16 Blast Furnace
42:19 Caravan
42:32 Hussar
43:36 Drill
Connection lost

Rejoining the realm…

Still unreachable

The connection could not be restored.

Session expired

The server has moved on; the page needs a fresh start.